 Dungeon Crawl Stone Soup version 0.17-a0-1378-g281efdd (webtiles) character file.

81 Fluffy the Cudgeler (level 4, -12/28 HPs)
             Began as a Gargoyle Fighter on June 14, 2015.
             Mangled by an ogre
             ... wielding a +0 giant club
              (13 damage)
             ... on level 2 of the Dungeon.
             The game lasted 00:02:38 (1867 turns).

Fluffy the Cudgeler (Gargoyle Fighter)              Turns: 1867, Time: 00:02:38

Health: -12/28     AC: 15    Str: 20    XL:     4   Next: 42%
Magic:  4/4        EV:  3    Int: 13    God:
Gold:   107        SH:  9    Dex: 10    Spells: 0 memorised, 3 levels left

rFire  . . .     SeeInvis .     a - +0 flail
rCold  . . .     Clarity  .     o - +0 plate armour
rNeg   + + .     SustAt   .     c - +0 shield
rPois  ∞         Gourm    .     (no helmet)
rElec  +         Spirit   .     (no cloak)
rCorr  .         Warding  +     (no gloves)
rMut   .         Stasis   .     (no boots)
MR     .....                    q - amulet of warding
Stlth  ..........               (no ring)
                                (no ring)

@: brilliant, not resistant to hostile enchantments, extremely unstealthy
A: negative energy resistance 1, electricity resistance, unbreathing,
petrification resistance, rot immunity, AC +3
a: no special abilities


You were on level 2 of the Dungeon.
You were very hungry.

You visited 1 branch of the dungeon, and saw 3 of its levels.

You collected 107 gold pieces.

Inventory:

Hand weapons
 a - a +0 flail (weapon)
Armour
 c - a +0 shield (worn)
 o - a +0 plate armour (worn)
Jewellery
 q - an amulet of warding (around neck)
Scrolls
 b - a scroll of enchant armour {unknown}
 f - a scroll of amnesia {unknown}
 j - 3 scrolls of identify {unknown}
 k - 2 scrolls of recharging {unknown}
 r - a scroll of magic mapping {unknown}
Potions
 d - a potion of might
 g - a potion of haste {unknown}
 i - a potion of curing {unknown}
 l - a potion of lignification {unknown}
 m - a potion of brilliance
 n - a potion of invisibility {unknown}
Comestibles
 e - a bread ration
 h - a beef jerky
 p - a royal jelly


   Skills:
 - Level 3.2 Fighting
 + Level 4.5 Maces & Flails
 - Level 3.2 Armour
 - Level 3.2 Shields


You had 3 spell levels left.
You didn't know any spells.

Dungeon Overview and Level Annotations

Branches:
Dungeon (3/15)

Altars:

Annotations:
D:3 Sigmund


Innate Abilities, Weirdness & Mutations

You are resistant to torment.
Your stone body is resilient (AC +3).
You are immune to poison.
You resist negative energy.
You are resistant to electric shocks.
You can survive without breathing.
You are immune to petrification.
You are immune to rotting.


Message History

The magic dart hits you! The bat hits you but does no damage. x2
There is a stone staircase leading up here.
You block the bat's attack. The ogre completely misses you.
You climb upwards.
There is a stone staircase leading down here.
Put on which piece of jewellery? (? for menu, Esc to quit)
q - an amulet of warding (around neck)
Your shield and plate armour prevent you from hitting the ogre.
The ogre hits you with a giant club.
Your plate armour prevents you from hitting the ogre.
The ogre hits you but does no damage.
You hit the ogre but do no damage. The ogre hits you but does no damage.
You closely miss the ogre. The ogre hits you with a giant club!
* * * LOW HITPOINT WARNING * * *
Drink which item? (? for menu, Esc to quit)
It was a potion of brilliance.
You feel clever all of a sudden. The ogre hits you with a giant club!
You die...

........#...............#
##.#.#..#...............#
##......#...............#
.....#..#################
######..# #.# #..# #.#
#..# #.# #..# #.# #..#
#@# #..# #O# ##..#
#####.# ##.#.####.....#
#.###.....#..##
#####.#.####...##
...###..#####.##
...####.>..##.#
..............#


You could see an ogre.

Vanquished Creatures
  5 adders (D:2)
  A worm (D:2)
  A giant gecko (D:1)
  5 giant cockroaches
  4 hobgoblins (D:1)
  8 bats
  3 giant newts
  2 kobolds (D:1)
  4 rats (D:1)
33 creatures vanquished.

Notes
Turn   | Place    | Note
--------------------------------------------------------------
     0 | D:1      | Fluffy the Gargoyle Fighter began the quest for the Orb.
     0 | D:1      | Reached XP level 1. HP: 14/14 MP: 1/1
   211 | D:1      | Reached XP level 2. HP: 17/19 MP: 2/2
   780 | D:1      | You fall through a shaft!
   784 | D:2      | Reached XP level 3. HP: 19/23 MP: 3/3
  1155 | D:2      | Reached skill level 4 in Maces & Flails
  1184 | D:2      | Reached XP level 4. HP: 20/28 MP: 4/4
  1839 | D:3      | Noticed Sigmund
  1841 | D:3      | Noticed an ogre
  1866 | D:2      | HP: 1/28 [ogre/giant club (12)]
  1867 | D:2      | Mangled by an ogre

Vault maps used:
D:1:      dpeg_arrival_concentric_ovals
D:2:      serial_co_window_serial, co_window_paths_a, co_window_paths_b,
          co_window_paths_a, co_window_corner_a, co_window_of_opportunity_a,
          co_window_paths_b, co_window_paths_a, co_window_corner_b,
          co_window_of_opportunity_b, co_window_broadway_b, co_window_corner_b,
          co_window_corner_b
D:3:      ecumenical_altar_2, uniq_sigmund

Action                   |  1- 3 |  4- 6 || total
-------------------------+-------+-------++-------
Melee: Flail             |    91 |    47 ||   138
  Use: Potion            |       |     1 ||     1
  Eat: Chunk             |     1 |     1 ||     2
